 Dungeon Sprint DCSS version 0.23.1 (webtiles) character file.

Game seed: 254156603456481581

112 dvd the Shield-Bearer (level 4, -8/27 HPs)
             Began as an Octopode Fire Elementalist on Mar 6, 2019.
             Was a Follower of Vehumet.
             Mangled by a merfolk
             ... wielding a cursed +0 trident
              (16 damage)
             ... in the Dungeon (Sprint V: "Ziggurat Sprint").
             The game lasted 00:02:53 (138 turns).

dvd the Shield-Bearer (Octopode Fire Elementalist)   Turns: 138, Time: 00:02:53

Health: -8/27      AC:  4    Str: 19    XL:     4   Next: 93%
Magic:  8/9        EV:  9    Int: 30    God:    Vehumet [*.....]
Gold:   0          SH: 30    Dex: 24    Spells: 8/9 levels left

rFire    + . .     SeeInvis .   E - +8 lance "Wyrmbane" {slay drac, rPois rF+ rC+ AC+3}
rCold    + . .     Gourm    .   D - +18 shield of the Gong {rElec rN+ MR+ EV-5}
rNeg     + . .     Faith    .   (helmet restricted)
rPois    +         Spirit   .   (no amulet)
rElec    +         Reflect  .   a - +6 ring of dexterity
rCorr    .         Harm     .   i - +6 ring of dexterity
MR       +....     NoTele   +   j - +6 ring of intelligence
Stlth    ++++......             k - +6 ring of intelligence
HPRegen  0.09/turn              l - +6 ring of strength
MPRegen  0.11/turn              m - +6 ring of strength
                                n - ring of flight
                                (no ring)

@: hasted, very quick
A: almost no armour, stealthy swim, amphibious, 8 rings, constrict 8, camouflage
1, gelatinous body 1
a: Renounce Religion, Evoke Flight


You were in the Dungeon.
You worshipped Vehumet.
Vehumet was aware of your devotion.
You were not hungry.

You visited 1 branch

Inventory:

Hand Weapons
 E - the +8 lance "Wyrmbane" (weapon) {slay drac, rPois rF+ rC+ AC+3}
   (You found it in the Dungeon)

   It affects your AC (+3).
   It protects you from fire.
   It protects you from cold.
   It protects you from poison.
 F - the cursed +14 obsidian axe {chop, +Fly SInv *Curse}
   (You found it in the Dungeon)

   It inflicts extra damage upon your enemies.
   It lets you see invisible.
   It lets you fly.
   It curses itself when equipped.
   It has a curse placed upon it.
Armour
 D - the +18 shield of the Gong (worn) {rElec rN+ MR+ EV-5}
   (You found it in the Dungeon)

   It affects your evasion (-5).
   It insulates you from electricity.
   It protects you from negative energy.
   It affects your resistance to hostile enchantments.
Jewellery
 a - a +6 ring of dexterity (left tentacle)
 i - a +6 ring of dexterity (right tentacle)
 j - a +6 ring of intelligence (on tentacle)
 k - a +6 ring of intelligence (on tentacle)
 l - a +6 ring of strength (on tentacle)
 m - a +6 ring of strength (on tentacle)
 n - a ring of flight (on tentacle)
Wands
 o - a wand of disintegration (7)
 p - a wand of iceblast (7)
 q - a wand of acid (7)
Scrolls
 h - 4 scrolls of blinking
 x - 4 scrolls of amnesia
 y - 7 scrolls of fog
 z - a scroll of holy word
 A - 5 scrolls of identify
 B - 5 scrolls of remove curse
 C - 2 scrolls of fear
Potions
 c - 10 potions of curing
 d - 8 potions of heal wounds
 e - 5 potions of haste
 f - 7 potions of magic
 g - 3 potions of berserk rage
 r - 2 potions of brilliance
 s - 2 potions of invisibility
 t - 4 potions of resistance
 v - 5 potions of agility
 w - 5 potions of might
Comestibles
 b - 7 rations


   Skills:
 + Level 0.3 Fighting
 + Level 1.5 Polearms
 + Level 3.3 Dodging
 + Level 4.0 Stealth
 + Level 7.4 Shields
 + Level 3.3 Spellcasting
 + Level 1.1 Conjurations
 + Level 6.1 Fire Magic


You had 8 spell levels left.
You knew the following spells:

 Your Spells              Type           Power        Failure   Level  Hunger
a - Flame Tongue          Conj/Fire      ####.        4%          1    None

Your spell library contained the following spells:

 Spells                   Type           Power        Failure   Level  Hunger
 Sting                    Conj/Pois      #...         14%         1    None
 Throw Flame              Conj/Fire      ####..       6%          2    None
 Conjure Flame            Conj/Fire      ####....     12%         3    ##.....
 Inner Flame              Hex/Fire       ###.....     16%         3    ##.....
 Sticky Flame             Conj/Fire      ####....     38%         4    ####...
 Fireball                 Conj/Fire      ####......   75%         5    #####..


Dungeon Overview and Level Annotations

Branches:
Dungeon (1/1)

Altars:
Ashenzari
Cheibriados
Dithmenos
Elyvilon
Fedhas
Gozag
Hepliaklqana
Kikubaaqudgha
Makhleb
Nemelex Xobeh
Okawaru
Qazlal
Ru
Sif Muna
Trog
Uskayaw
Vehumet
Wu Jian
Xom
Yredelemnul
Zin
The Shining One
Beogh
Jiyva
Lugonu

Annotations:
D 1 transporter


Innate Abilities, Weirdness & Mutations

You cannot wear most types of armour.
You are very stealthy in the water. (Stealth+)
You are amphibious.
You can wear up to eight rings at the same time.
You can use your tentacles to constrict eight enemies at once.
Your skin changes colour to match your surroundings (Stealth+).
Your rubbery body absorbs attacks. (AC +1, EV +1)


Message History

GONNNNG!
The merfolk hits you with a +0 trident!
Ouch! That really hurt!
* * * LOW HITPOINT WARNING * * *
You block the merfolk's attack.
GONNNNG!
You completely miss the merfolk. You squeeze the merfolk.
The merfolk is moderately wounded.
You constrict the merfolk, but do no damage. x2
You hit the merfolk but do no damage.
The merfolk is moderately wounded.
You constrict the merfolk.
You constrict the merfolk, but do no damage.
You block the merfolk's attack.
BOUMMMMG!
You block the merfolk's attack.
GONNNNG!
The merfolk hits you with a cursed +0 trident!
Ouch! That really hurt!
You die...

▓▓▓▓▓▓▓▓▓▓▓▓▓
▓.8©8.▓.8©8.▓
▓.mmm.▓.....▓
▓..@..▓.|.}.▓
▓.....▓.....▓
▓.....▓..†..▓
▓.....▓..©..▓
▓..©..▓▓▓▓▓▓▓
▓▓▓▓▓▓▓


You could see 3 merfolk.

Vanquished Creatures
  A hell hound (D)
  A shadow imp (D)
2 creatures vanquished.

Notes
Turn   | Place    | Note
-------+----------+-------------------------------------------
     0 | D        | Found the +6 Majin-Bo {vamp, Archmagi MP+6 Int+6}
     0 | D        | Found the +7 great mace "Firestarter" {inner flame, rF++}
     0 | D        | dvd the Octopode Fire Elementalist began the quest for the
                  | Orb.
     0 | D        | Reached XP level 1. HP: 11/11 MP: 3/3
     0 | D        | Found a deep blue altar of Sif Muna.
     0 | D        | Found a bloodstained altar of Trog.
     0 | D        | Found a sacrificial altar of Ru.
     0 | D        | Found a stormy altar of Qazlal.
     0 | D        | Found an iron altar of Okawaru.
     2 | D        | Found a sparkling altar of Nemelex Xobeh.
     3 | D        | Found an ancient bone altar of Kikubaaqudgha.
     3 | D        | Found a corrupted altar of Lugonu.
     3 | D        | Found a transporter.
     3 | D        | Found a burning altar of Makhleb.
     3 | D        | Found a viscous altar of Jiyva.
     3 | D        | Found a hazy altar of Hepliaklqana.
    19 | D        | Found a blossoming altar of Fedhas.
    21 | D        | Found an opulent altar of Gozag.
    29 | D        | Found the +9 heavy crossbow "Sniper" {velocity, Acc+∞ SInv}
    29 | D        | Found the +10 dark maul {crush}
    29 | D        | Found the +15 Maxwell's patent armour {-Cast -Tele rElec
                  | MR+ rCorr}
    29 | D        | Found the +18 shield of the Gong {rElec rN+ MR+ EV-5}
    29 | D        | Found the cursed +14 obsidian axe {chop, +Fly SInv *Curse}
    30 | D        | Found the +6 shillelagh "Devastator" {shatter}
    30 | D        | Found the +11 plutonium sword {*Contam Stlth-}
    30 | D        | Found the +8 lance "Wyrmbane" {slay drac, rPois rF+ rC+
                  | AC+3}
    30 | D        | Found the +9 sword of Zonguldrok {reap}
    30 | D        | Found the cursed +13 scythe of Curses {drain, *Curse}
    30 | D        | Found the +0 sword of Power
    30 | D        | Found the +7 mace of Variability {chain chaos}
    30 | D        | Found the +7 Singing Sword {slice, sonic wave}
    30 | D        | Found the +7 longbow "Piercer" {penet, EV-2}
    67 | D        | Became a worshipper of Vehumet
    81 | D        | Reached skill level 7 in Shields
    81 | D        | Reached XP level 2. HP: 17/17 MP: 5/5
    82 | D        | Entered arena 2.
    82 | D        | Noticed a hell hound
    82 | D        | Found a transporter.
    89 | D        | Killed a hell hound
    89 | D        | Reached skill level 1 in Polearms
    89 | D        | Reached skill level 5 in Fire Magic
    89 | D        | Reached XP level 3. HP: 21/21 MP: 5/7
    89 | D        | Reached XP level 4. HP: 27/27 MP: 5/8
    90 | D        | Reached * piety under Vehumet
    90 | D        | Offered knowledge of Sting by Vehumet.
   123 | D        | Entered arena 3.
   123 | D        | Noticed a merfolk
   123 | D        | Noticed a merfolk
   123 | D        | Noticed a merfolk
   123 | D        | Found a transporter.
   133 | D        | HP: 1/27 [merfolk/+0 trident (17)]
   138 | D        | Mangled by a merfolk

Skill      XL: |  1  2  3  4 |
---------------+-------------+-----
Shields        | 7 |  7.4
Polearms       | 1 |  1.5
Dodging        | 3 |  3.3
Stealth        | 3 4 |  4.0
Spellcasting   | 3 |  3.3
Fire Magic     | 5 6 |  6.1
Fighting       | |  0.3
Conjurations   | |  1.1

Action                   |  1- 3 |  4- 6 || total
-------------------------+-------+-------++-------
Melee: Lance             |     6 |     8 ||    14
       Tentacles         |     4 |     3 ||     7
       Constrict         |     1 |     2 ||     3
 Cast: Flame Tongue      |       |     1 ||     1
  Use: Potion            |     1 |     3 ||     4
Armor: Skin              |     1 |     1 ||     2
Dodge: Dodged            |     3 |     2 ||     5
Block: Shield            |     6 |    22 ||    28
